 Dungeon Crawl Stone Soup version 0.30-a0-989-g0d87f670db (webtiles) character file.

Game seed: 1277583950449437726

117129 Arcadio the Warrior (level 16, 0/154 HPs)
             Began as a Pale Draconian Cinder Acolyte on Apr 1, 2023.
             Was a High Priest of Jiyva.
             Slain by a seven-headed hydra simulacrum (16 damage)
             ... in an ice cave on Apr 2, 2023.
             The game lasted 03:38:11 (31940 turns).

Arcadio the Warrior (DrCA)                         Turns: 31940, Time: 03:38:12

Health: 0/154      AC: 19    Str: 19    XL:     16   Next: 22%
Magic:  23/23      EV: 28    Int: 15    God:    Jiyva [*****.]
Gold:   334        SH: 18    Dex: 21    Spells: 17/25 levels left

rFire   . . .      SeeInvis .    a - +2 trident of Blood {distort, Contam rPois Will+ Dex+7}
rCold   + . .      Faith    .    Y - +5 kite shield {AC+3}
rNeg    . . .      Spirit   .    (body armour unavailable)
rPois   +          Reflect  .    Z - +1 hat
rElec   .          Rampage  .    f - +1 cloak of Haosuihu {+Blink rPois rF+}
rCorr   +                        k - +1 pair of gloves
Will    ++...                    M - +0 pair of boots
Stlth   ++                       j - amulet of regeneration
HPRegen 2.69/turn                K - +5 ring of evasion
MPRegen 0.63/turn                P - ring of ice

@: short of breath, studying 2 skills
A: breathe steam, AC +9, unfitting armour, cold-blooded, steam resistance, agile
1, sense surroundings 1, gelatinous body 1, pseudopods 3
a: Breathe Steam, Renounce Religion, Evoke Blink, Oozemancy, Slimify


You were in an ice cave.
You worshipped Jiyva.
Jiyva was extremely pleased with you.
You visited 6 branches of the dungeon, and saw 27 of its levels.
You also visited: Ossuary and Ice Cave.

You collected 2876 gold pieces.
You spent 2542 gold pieces at shops.

Inventory:

Hand Weapons
 a - the +2 trident of Blood (weapon) {distort, Contam rPois Will+ Dex+7}
   (You found it on level 1 of the Lair of Beasts)

   Dex:       It affects your dexterity (+7).
   rPois:     It protects you from poison.
   Contam:    It causes magical contamination when unequipped.
   Will:      It increases your willpower.
 I - a +5 spear of electrocution
 O - a +0 shortbow of flaming
 X - a +4 double sword of protection
Missiles
 V - 2 throwing nets
Armour
 d - the -1 kite shield of Rekep {rF+ Int+2}
   (You found it on level 4 of the Lair of Beasts)

   Int:       It affects your intelligence (+2).
   rF:        It protects you from fire.
 f - the +1 cloak of Haosuihu (worn) {+Blink rPois rF+}
   (You bought it in a shop on level 1 of the Snake Pit)

   rF:        It protects you from fire.
   rPois:     It protects you from poison.
   +Blink:    It lets you blink.
 k - a +1 pair of gloves (worn)
 r - a +0 tower shield
 M - a +0 pair of boots (worn)
 Y - a +5 kite shield of protection (worn)
 Z - a +1 hat (worn)
Jewellery
 b - a ring of poison resistance
 g - a ring of flight
 i - a ring of protection from cold
 j - an amulet of regeneration (around neck)
 o - an amulet of magic regeneration
 K - a +5 ring of evasion (left hand)
 P - a ring of ice (right hand)
 S - a ring of see invisible
 W - a +6 ring of strength
Wands
 y - a wand of mindburst (2)
 z - a wand of paralysis (31)
 E - a wand of digging (8)
 F - a wand of iceblast (7)
 N - a wand of quicksilver (4)
 U - a wand of polymorph (2)
Scrolls
 c - 4 scrolls of vulnerability
 l - 6 scrolls of teleportation
 m - 3 scrolls of enchant armour
 p - 2 scrolls of fog
 t - 2 scrolls of blinking
 v - 2 scrolls of fear
 C - a scroll of poison {unknown}
 G - 3 scrolls of immolation
 H - 6 scrolls of enchant weapon
 J - 3 scrolls of summoning
 R - 2 scrolls of torment {unknown}
Potions
 e - 3 potions of magic
 h - 5 potions of haste
 n - 14 potions of curing
 q - 2 potions of brilliance
 s - 2 potions of ambrosia
 u - 4 potions of cancellation
 w - 3 potions of attraction
 x - 6 potions of lignification
 A - 9 potions of resistance
 B - 3 potions of berserk rage
 D - 2 potions of invisibility
 L - 4 potions of might
 Q - 2 potions of mutation


   Skills:
 + Level 16.9 Fighting
 - Level 5.8(7.4) Short Blades
 - Level 7.0(8.0) Long Blades
 + Level 11.3(12.4) Polearms
 - Level 8.1(10.9) Staves
 + Level 14.7 Dodging
 - Level 0.4 Stealth
 + Level 11.0 Shields
 - Level 5.0 Spellcasting
 - Level 5.8 Fire Magic


You had 17 spell levels left.
You knew the following spells:

 Your Spells              Type           Power      Damage    Failure   Level
a - Blink                 Tloc           6%         N/A       45%         2
b - Scorch                Fire           42%        2d7       4%          2
c - Wereblood             Tmut           3%         N/A       45%         2
d - Passwall              Tmut/Erth      2%         N/A       45%         2

Your spell library contained the following spells:

 Spells                   Type           Power      Damage    Failure   Level
 Freeze                   Ice            20%        1d4       34%         1
 Kiss of Death            Conj/Necr      12%        2d6       34%         1
 Magic Dart               Conj           12%        1d3       34%         1
 Sandblast                Erth           6%         2d5       34%         1
 Ignite Poison            Fire/Tmut/Pois 9%         N/A       43%         3
 Kindle Blastsparks       Fire/Tloc/Air  18%        2d11      43%         3
 Cigotuvi's Dreadful Rot  Necr/Pois/Air  6%         N/A       45%         2
 Ensorcelled Hibernation  Hex/Ice        10%        N/A       45%         2
 Poisonous Vapours        Pois/Air       6%         N/A       45%         2
 Sublimation of Blood     Necr           3%         N/A       45%         2
 Frozen Ramparts          Ice            10%        1d2       71%         3
 Hailstorm                Conj/Ice       5%         3d4       71%         3
 Mephitic Cloud           Conj/Pois/Air  3%         N/A       71%         3
 Stone Arrow              Conj/Erth      6%         3d7       71%         3
 Swiftness                Air            3%         N/A       71%         3
 Vhi's Electric Charge    Tloc/Air       6%         N/A       71%         3
 Flame Wave               Conj/Fire      12%        2d6       71%         4
 Dispel Undead            Necr           3%         3d7       98%         4
 Leda's Liquefaction      Hex/Erth       1%         N/A       98%         4
 Manifold Assault         Tloc           3%         N/A       98%         4
 Summon Lightning Spire   Summ/Air       3%         N/A       98%         4
 Freezing Cloud           Conj/Ice/Air   2%         6-21      100%        5
 Lee's Rapid Deconstruct  Erth           1%         3d4*      100%        5
 Metabolic Englaciation   Hex/Ice        2%         N/A       100%        5
 Death Channel            Necr           1%         N/A       100%        6
 Statue Form              Tmut/Erth      2%         N/A       100%        6
 Summon Cactus Giant      Summ           1%         N/A       100%        6
 Malign Gateway           Summ/Tloc      1%         N/A       100%        7
 Storm Form               Tmut/Air       1%         N/A       100%        7
 Summon Hydra             Summ           1%         N/A       100%        7
 Maxwell's Capacitive Co  Air            1%         ∞         100%        8
 Summon Horrible Things   Summ           1%         N/A       100%        8
 Animate Armour           Summ/Erth      Unusable   N/A       N/A         4

Dungeon Overview and Level Annotations

Branches:
Dungeon (15/15) Zot: 26449  Temple (1/1) D:5 Zot: 5938    Lair (5/5) D:10 Zot: 21226
 Shoals (0/4) Lair:2        Snake (3/4) Lair:3 Zot: 15831   Slime (0/5) Lair:5
    Orc (2/2) D:10 Zot: 9102     Elf (1/3) Orc:2 Zot: 5994  Vaults (0/5) D:14
 Depths (0/4) D:15        Ossuary (visited)           IceCv (1/1) Zot: 5984

Altars:
Ashenzari
Cheibriados
Dithmenos
Elyvilon
Fedhas
Gozag
Hepliaklqana
Kikubaaqudgha
Makhleb
Nemelex Xobeh
Okawaru
Qazlal
Ru
Sif Muna
Trog
Uskayaw
Vehumet
Wu Jian
Xom
Yredelemnul
Zin
The Shining One
Jiyva

Shops:
D:2 *   D:5 [*   D:10 !   D:12 =   Orc:2 :(!!   Snake:1 *[*[

Annotations:
D:3 exclusion: oklob plant
D:12 1 runed translucent door, Mocet's ghost, journeyman GnVM
D:15 Azrael
Abyss:1 Nessos; Snorg


Innate Abilities, Weirdness & Mutations

You can breathe blasts of scalding, opaque steam.
Your pale cyan-grey scales are hard. (AC +9)
You cannot fit into any form of body armour.
You are cold-blooded and may be slowed by cold attacks.
You are immune to the effects of steam.
You are agile. (Dex +4, Str/Int -1)
You passively map a small area around you.
Your rubbery body absorbs attacks. (AC +1, EV +1)
Armour fits poorly on your massive pseudopods.


Message History

Aiming: Breathe Steam (1% risk of failure)
Press: ? - help, Q - select action, (/) - cycle Shift-Dir - straight line You exhale a blast of scalding steam.
The ball of steam hits the alligator simulacrum!
The alligator simulacrum is heavily damaged.
The ball of steam hits the white very ugly thing!
You kill the white very ugly thing!
You block the seven-headed hydra simulacrum's attack.
The seven-headed hydra simulacrum completely misses you.
The seven-headed hydra simulacrum bites you.
The seven-headed hydra simulacrum freezes you!
You resist.
You block the seven-headed hydra simulacrum's attack.
The seven-headed hydra simulacrum completely misses you.
The seven-headed hydra simulacrum bites you.
The seven-headed hydra simulacrum freezes you!!
You resist.
* * * LOW HITPOINT WARNING * * *
The seven-headed hydra simulacrum bites you but does no damage.
The dire elephant simulacrum tramples you but does no damage.
The dire elephant simulacrum trunk-slaps you.
* * * LOW HITPOINT WARNING * * *
The dire elephant simulacrum freezes you!!
You resist.
* * * LOW HITPOINT WARNING * * *
You feel a bit more experienced.
The alligator simulacrum is engulfed in a cloud of scalding steam.
The alligator simulacrum completely misses you.
The alligator simulacrum closely misses you.
Your Shields skill increases to level 11!
The seven-headed hydra simulacrum misses you.
You block the seven-headed hydra simulacrum's attack.
The seven-headed hydra simulacrum misses you.
You block the seven-headed hydra simulacrum's attack.
The seven-headed hydra simulacrum completely misses you.
The seven-headed hydra simulacrum bites you!
* * * LOW HITPOINT WARNING * * *
The seven-headed hydra simulacrum freezes you!
You resist.
You die...

*### *
###...
#...... *
##.......,
##........
#.......8.
#.Z.......
#@Z§Z....)
#ZZ.......
#.......8.
##........
##.......
*#......
###... ###


You could see an alligator simulacrum, a seven-headed hydra simulacrum, a dire
elephant simulacrum and a lindwurm simulacrum.

Vanquished Creatures
  Kirke (D:11)
  Frances (D:13)
  An orc warlord (D:10)
  A very ugly thing (IceCv)
  Josephine (D:11)
  Erolcha (D:10)
  A vault guard (D:14)
  7 hydras
  3 ogre magi (Orc:2)
  A caustic shrike simulacrum (IceCv)
  2 centaur warriors
  3 boulder beetles
  4 anacondas (Snake:1)
  4 naga warriors
  4 two-headed ogres
  Urug (D:10)
  4 tengu warriors (D:15)
  3 death yaks
  Sonja (Lair:3)
  Nergalle (Orc:2)
  A deep elf knight (D:12)
  A fire crab (Lair:3)
  6 naga sharpshooters
  2 skeletal warriors (D:12)
  A skyshark (Lair:4)
  7 shock serpents
  A sea snake (Snake:2)
  A goliath frog (Lair:5)
  A naga ritualist (Snake:2)
  2 lindwurms
  3 mana vipers
  A deep elf pyromancer (D:12)
  7 orc sorcerers
  8 ugly things
  3 cyclopes
  5 salamanders
  2 elephants
  Joseph (D:7)
  22 black mambas
  A water nymph (Lair:2)
  A guardian serpent (shapeshifter) (D:15)
  20 cane toads
  5 naga magi
  3 gargoyles
  A kobold demonologist (D:8)
  2 rime drakes
  The ghost of caveywoolpert the Digger, a novice GrEE of Sif Muna (D:6)
  5 komodo dragons
  9 trolls
  A polar bear (Lair:3)
  2 tyrant leeches (Lair:5)
  Prince Ribbit (D:8)
  A hornet (shapeshifter) (D:14)
  6 dream sheep (Lair:5)
  21 blink frogs
  6 wyverns
  6 wraiths
  2 shadows
  Eustachio (D:5)
  A vampire (D:13)
  3 basilisks (Lair:1)
  48 yaks
  2 hogs (D:12)
  6 vampire mosquitoes
  7 fire elementals
  2 two-headed ogre zombies (D:10)
  2 wargs
  2 acid dragons
  A harpy simulacrum (IceCv)
  21 nagas
  17 water moccasins
  Duvessa (D:5)
  15 orc warriors
  An ice beast (D:6)
  A sky beast (D:8)
  A black bear (Lair:1)
  8 ogres
  3 wolves (D:10)
  7 centaurs
  A phantom (D:10)
  2 kobold brigands
  21 bullfrogs
  A gnoll sergeant (D:6)
  3 scorpions
  15 wights
  Dowan (D:5)
  15 killer bees
  2 lindwurm simulacra (IceCv)
  2 troll zombies (D:10)
  7 electric eels
  A vampire bat (D:3)
  3 howler monkeys (D:9)
  A centaur zombie (Ossuary)
  7 jellies
  2 human zombies (Ossuary)
  5 gnoll boudas
  14 orc priests
  5 hounds
  A sleepcap (D:8)
  7 iguanas
  Terence (D:2)
  25 orc wizards
  5 hell rats (Lair:4)
  4 ogre zombies (D:10)
  3 hound zombies (Ossuary)
  3 mummies (Ossuary)
  27 gnolls
  7 adders
  3 shadow imps
  2 ufetubi
  3 adder zombies (Ossuary)
  3 worms
  3 dart slugs
  81 orcs
  8 bats
  4 bat skeletons (D:3)
  A bat zombie (D:3)
  20 endoplasms
  5 giant cockroaches
  5 goblins
  19 hobgoblins
  14 kobolds
  8 quokkas
  9 ball pythons
  2 frilled lizards
  4 gnoll zombies (Ossuary)
  10 goblin zombies
  A hobgoblin skeleton (D:10)
  3 hobgoblin zombies
  11 jackal zombies (Ossuary)
  2 kobold zombies (Ossuary)
  3 orc skeletons (D:10)
  15 orc zombies
  2 quokka zombies (Ossuary)
  A rat (D:1)
797 creatures vanquished.

Vanquished Creatures (collateral kills)
  A kobold (D:4)
1 creature vanquished.

Vanquished Creatures (others)
  2 glowing orange brains (D:15)
  A faun (shapeshifter) (D:12)
  6 slime creatures
  A hog (D:11)
  A naga (Snake:2)
  A hell hound (D:15)
  A tengu (shapeshifter) (D:15)
  26 jellies
  A jelly (shapeshifter) (D:15)
  An orc wizard (Orc:2)
  A gnoll (Orc:1)
  An orc (D:3)
  37 foxfires
  38 fungi
  109 plants
  16 toadstools (D:3)
243 creatures vanquished.

Grand Total: 1041 creatures vanquished

Notes
Turn   | Place    | Note
-------+----------+-------------------------------------------
     0 | D:1      | Arcadio the Draconian Cinder Acolyte began the quest for
                  | the Orb.
     0 | D:1      | Reached XP level 1. HP: 19/19 MP: 2/2
   144 | D:1      | Reached XP level 2. HP: 19/27 MP: 3/3
   220 | D:1      | Learned a level 2 spell: Blink
   311 | D:1      | Reached XP level 3. HP: 8/33 MP: 4/4
   801 | D:2      | Found a blossoming altar of Fedhas.
   932 | D:2      | You fall into a shaft and drop 2 floors!
  1092 | D:3      | Found a blossoming altar of Fedhas.
  1126 | D:3      | Reached skill level 4 in Fighting
  1126 | D:3      | Reached skill level 1 in Dodging
  1141 | D:2      | Reached XP level 4. HP: 40/40 MP: 5/5
  1161 | D:2      | HP: 1/40 [orc priest/+0 flail (5)]
  1454 | D:2      | Noticed Terence
  1598 | D:2      | Reached XP level 5. HP: 39/46 MP: 6/6
  1601 | D:2      | Learned a level 2 spell: Scorch
  1897 | D:2      | Killed Terence
  1898 | D:2      | Reached skill level 1 in Short Blades
  1962 | D:2      | Found Caenaos's General Store.
  1965 | D:2      | Bought a scroll of teleportation for 30 gold pieces
  2120 | D:3      | Noticed an oklob plant
  2248 | D:3      | Found an ancient bone altar of Kikubaaqudgha.
  3057 | D:4      | Reached XP level 6. HP: 55/55 MP: 7/7
  3084 | D:4      | Noticed a sky beast
  3246 | D:4      | Reached skill level 5 in Fighting
  3716 | D:5      | Entered Level 5 of the Dungeon
  3728 | D:5      | Noticed Duvessa
  3729 | D:5      | Noticed Dowan
  3755 | D:5      | Killed Duvessa
  3762 | D:5      | Killed Dowan
  3763 | D:5      | Your scales start taking on a pale cyan-grey colour.
  3763 | D:5      | Reached XP level 7. HP: 34/61 MP: 8/8
  3763 | D:5      | Gained mutation: You are immune to the effects of steam.
                  | [Pale Draconian growth]
  3791 | D:5      | Noticed Eustachio
  3798 | D:5      | Killed Eustachio
  3857 | D:5      | Found Wyshug's Antique Armour Emporium.
  3866 | D:5      | Reached skill level 6 in Fighting
  4048 | D:5      | Found a sand-covered staircase.
  4057 | Ossuary  | Entered an ossuary
  4376 | Ossuary  | Reached XP level 8. HP: 71/71 MP: 9/9
  4731 | D:5      | Found a staircase to the Ecumenical Temple.
  4742 | Temple   | Entered the Ecumenical Temple
  4855 | D:5      | Found Vinost's Gadget Gallery.
  5095 | D:6      | Reached skill level 5 in Short Blades
  5113 | D:6      | Reached skill level 7 in Fighting
  5197 | D:6      | Reached skill level 5 in Dodging
  5448 | D:6      | Found a transporter.
  5449 | D:6      | Found a transporter.
  5461 | D:6      | Noticed caveywoolpert's ghost (novice GrEE)
  5817 | D:7      | Noticed Joseph
  6416 | D:7      | Killed Joseph
  6417 | D:7      | Reached skill level 8 in Fighting
  6417 | D:7      | Reached skill level 5 in Long Blades
  6417 | D:7      | Reached XP level 9. HP: 41/81 MP: 7/10
  6575 | D:7      | Found a glowing silver altar of Zin.
  6575 | D:7      | Found a sacrificial altar of Ru.
  6581 | D:7      | Found a stormy altar of Qazlal.
  6583 | D:7      | Found a shimmering blue altar of Sif Muna.
  6585 | D:7      | Found a hide-covered altar of Uskayaw.
  7673 | D:8      | Noticed a two-headed ogre
  7681 | D:8      | Killed a two-headed ogre
  7682 | D:8      | Reached skill level 9 in Fighting
  7879 | D:8      | Reached XP level 10. HP: 84/91 MP: 13/13
  8161 | D:8      | Noticed Prince Ribbit
  8164 | D:8      | Killed Prince Ribbit
  8317 | D:8      | Identified the +1 quarterstaff "Edghol" {protect, Str+2
                  | Int+4 SInv}
  8519 | D:9      | Reached skill level 1 in Staves
  8851 | D:9      | Found a runed translucent door.
  8852 | D:9      | Noticed a four-headed hydra
  8878 | D:9      | Reached skill level 10 in Fighting
  9141 | D:9      | Found an ornate altar of the Wu Jian Council.
  9271 | D:9      | Noticed a two-headed ogre
  9584 | D:8      | Noticed a sun demon
  9585 | D:8      | Reached skill level 5 in Staves
  9750 | D:8      | Reached XP level 11. HP: 37/101 MP: 15/15
 10050 | D:9      | Killed a two-headed ogre
 10187 | D:10     | Entered Level 10 of the Dungeon
 10189 | D:10     | Noticed Urug
 10327 | D:10     | Found a staircase to the Orcish Mines.
 10489 | D:10     | Reached skill level 11 in Fighting
 10687 | D:10     | Found Rubrer Ecwua's Distillery.
 10856 | D:10     | Noticed Erolcha
 11193 | D:10     | Killed Erolcha
 11222 | D:10     | Bought a potion of cancellation for 120 gold pieces
 11222 | D:10     | Bought a potion of haste for 150 gold pieces
 11222 | D:10     | Bought a potion of curing for 45 gold pieces
 11222 | D:10     | Bought a potion of haste for 150 gold pieces
 11231 | D:10     | Found a staircase to the Lair.
 11579 | D:10     | Found a sparkling altar of Nemelex Xobeh.
 11990 | D:10     | Killed Urug
 12144 | Orc:1    | Entered Level 1 of the Orcish Mines
 12154 | Orc:1    | Noticed an orc sorcerer
 12155 | Orc:1    | Noticed an orc warlord
 12400 | Lair:1   | Entered Level 1 of the Lair of Beasts
 12573 | Lair:1   | Reached skill level 5 in Fire Magic
 12722 | Lair:1   | Reached XP level 12. HP: 98/112 MP: 18/18
 12804 | Lair:1   | Reached skill level 12 in Fighting
 13417 | Lair:1   | Identified the +2 trident of Blood {distort, Contam rPois
                  | Will+ Dex+7}
 13966 | Lair:1   | Reached skill level 1 in Polearms
 13966 | Lair:1   | Reached skill level 1 in Shields
 13985 | Lair:2   | Reached skill level 10 in Dodging
 14303 | Lair:2   | Noticed a boulder beetle
 14351 | Lair:2   | Killed a boulder beetle
 14714 | Lair:2   | Noticed an eight-headed hydra
 14791 | Lair:2   | Learned a level 2 spell: Wereblood
 14794 | Lair:2   | Learned a level 2 spell: Passwall
 15196 | Lair:3   | Noticed a four-headed hydra
 15206 | Lair:3   | Killed a four-headed hydra
 15207 | Lair:3   | Reached skill level 13 in Fighting
 15659 | Lair:3   | Reached XP level 13. HP: 100/122 MP: 19/19
 16096 | Lair:3   | Reached skill level 5 in Polearms
 16347 | Lair:3   | Found a staircase to the Snake Pit.
 16354 | Lair:3   | Reached skill level 5 in Shields
 16423 | Lair:3   | Noticed Sonja
 16452 | Lair:3   | Killed Sonja
 16783 | Lair:4   | You are sucked into a shaft and drop 1 floor!
 16783 | Lair:5   | Entered Level 5 of the Lair of Beasts
 17618 | Lair:4   | Identified the -1 kite shield of Rekep {rF+ Int+2}
 18007 | Lair:4   | Got the Spellbook of the Excursion and the Icicle
 18060 | Lair:4   | Reached skill level 14 in Fighting
 18597 | Lair:3   | Reached skill level 5 in Spellcasting
 19820 | Lair:4   | Reached XP level 14. HP: 122/133 MP: 19/21
 20450 | Lair:5   | Found a viscous altar of Jiyva.
 20677 | Lair:5   | Found a staircase to the Slime Pits.
 20791 | Lair:5   | Got Nurhuveo's Directory of Destruction
 20792 | Lair:5   | Identified the +7 plate armour of the Stallion {Rampage
                  | +Inv rF+++ Slay+6}
 21056 | Lair:5   | Upgraded the game from 0.30-a0-986-g7f2e898f52 to
                  | 0.30-a0-989-g0d87f670db
 21382 | D:10     | Killed an orc warlord
 21527 | Orc:1    | Paralysed by an orc sorcerer for 2 turns
 22512 | Orc:2    | Entered Level 2 of the Orcish Mines
 22512 | Orc:2    | Found a staircase to the Elven Halls.
 22947 | Elf:1    | Entered Level 1 of the Elven Halls
 23108 | Orc:2    | Found a radiant altar of Vehumet.
 23879 | Orc:2    | Found Coghu's Antique Weapon Emporium.
 23893 | Orc:2    | Paralysed by an orc sorcerer for 4 turns
 23926 | Orc:2    | Found an ancient bone altar of Kikubaaqudgha.
 23926 | Orc:2    | Noticed Nergalle
 23983 | Orc:2    | Killed Nergalle
 23984 | Orc:2    | Reached skill level 15 in Fighting
 24247 | Orc:2    | Found Qamumu's Book Shoppe.
 24347 | Orc:2    | Found Qumi's Distillery.
 24362 | Orc:2    | Found Neoxt's Distillery.
 24388 | Orc:2    | Found a radiant altar of Vehumet.
 24555 | Orc:2    | Bought a potion of ambrosia for 96 gold pieces
 24555 | Orc:2    | Bought a potion of might for 48 gold pieces
 24555 | Orc:2    | Bought a potion of berserk rage for 60 gold pieces
 24564 | Orc:2    | Bought a potion of heal wounds for 65 gold pieces
 24564 | Orc:2    | Bought a potion of berserk rage for 65 gold pieces
 24564 | Orc:2    | Bought a potion of cancellation for 104 gold pieces
 24572 | Orc:2    | Bought a potion of resistance for 120 gold pieces
 24572 | Orc:2    | Bought 2 potions of haste for 240 gold pieces
 24840 | D:6      | Killed caveywoolpert's ghost
 25673 | Lair:5   | Fell from the grace of Ignis
 25673 | Lair:5   | Became a worshipper of Jiyva Januvash the Shapeless
 26078 | D:11     | Reached * piety under Jiyva
 26228 | D:11     | Noticed Josephine
 26233 | D:11     | You are sucked into a shaft and drop 2 floors!
 26268 | D:12     | Found Yfosocoapi's Jewellery Boutique.
 26274 | D:12     | Found a runed translucent door.
 26275 | D:12     | Bought an amulet of regeneration for 330 gold pieces
 26294 | D:12     | Noticed Mocet's ghost (journeyman GnVM)
 26393 | D:12     | Noticed Snorg
 26406 | D:12     | Banished Snorg
 26566 | D:12     | Reached ** piety under Jiyva
 26693 | D:12     | Noticed Nessos
 26701 | D:12     | Banished Nessos
 26847 | D:12     | You are sucked into a shaft and drop 1 floor!
 26874 | D:13     | Noticed Frances
 26893 | D:13     | Killed Frances
 26894 | D:13     | Reached XP level 15. HP: 64/141 MP: 22/22
 27310 | D:12     | Identified the +10 falchion of Fedhas's Approval {flame,
                  | *Slow rPois rF+++ Int+3}
 27783 | D:11     | Killed Josephine
 27925 | D:12     | Noticed Kirke
 27930 | D:12     | Noticed a sphinx
 27950 | D:11     | Noticed a sphinx
 27968 | D:11     | Killed Kirke
 28019 | D:13     | Found a hide-covered altar of Uskayaw.
 28039 | D:13     | Reached *** piety under Jiyva
 28491 | D:14     | Gained mutation: Your rubbery body absorbs attacks. (AC +1,
                  | EV +1) [Jiyva's grace]
 28491 | D:14     | Gained mutation: Your pliable body absorbs attacks. (AC +2,
                  | EV +2) [Jiyva's grace]
 28491 | D:14     | Gained mutation: Your gelatinous body deflects attacks. (AC
                  | +3, EV +3) [Jiyva's grace]
 28491 | D:14     | Gained mutation: You are agile. (Dex +4, Str/Int -1)
                  | [Jiyva's grace]
 28707 | D:14     | Identified the +5 quarterstaff of the Desolation of Salt
                  | {venom, rElec rPois rN+++}
 29072 | D:14     | You fall into a shaft and drop 1 floor!
 29072 | D:15     | Entered Level 15 of the Dungeon
 29077 | D:15     | Reached **** piety under Jiyva
 29194 | D:15     | Noticed Azrael
 29206 | D:15     | Found a staircase to the Depths.
 29243 | D:15     | Reached skill level 16 in Fighting
 29243 | D:15     | Reached skill level 10 in Polearms
 29528 | D:14     | Found a gate to the Vaults.
 29695 | Snake:1  | Entered Level 1 of the Snake Pit
 29851 | Snake:1  | Found Hoarref's Antique Armour Shoppe.
 29870 | Snake:1  | Bought a glowing hat for 259 gold pieces
 29893 | Snake:1  | Found Douchiy's General Store.
 29924 | Snake:1  | Bought a scroll of identify for 32 gold pieces
 29924 | Snake:1  | Identified a scroll of acquirement
 29926 | Snake:1  | Acquired a manual of Dodging
 30004 | Snake:1  | Found Enta's Armour Emporium.
 30011 | Snake:1  | Bought the +1 cloak of Haosuihu {+Blink rPois rF+} for 381
                  | gold pieces
 30098 | Snake:1  | Was forgiven by Ignis
 30120 | Snake:1  | Reached skill level 10 in Shields
 30351 | Snake:1  | Lost mutation: Your gelatinous body deflects attacks. (AC
                  | +3, EV +3) [Jiyva's grace]
 30351 | Snake:1  | Lost mutation: Your pliable body absorbs attacks. (AC +2,
                  | EV +2) [Jiyva's grace]
 30351 | Snake:1  | Gained mutation: Armour fits poorly on your pseudopods.
                  | [Jiyva's grace]
 30351 | Snake:1  | Gained mutation: Armour fits poorly on your large
                  | pseudopods. [Jiyva's grace]
 30351 | Snake:1  | Gained mutation: Armour fits poorly on your massive
                  | pseudopods. [Jiyva's grace]
 30351 | Snake:1  | Gained mutation: You passively map a small area around you.
                  | [Jiyva's grace]
 30354 | Snake:1  | Reached ***** piety under Jiyva
 30783 | Snake:1  | Found Biluxt's Assorted Antiques.
 30801 | Snake:1  | Bought a scroll of enchant armour for 247 gold pieces
 31293 | Snake:2  | Reached XP level 16. HP: 152/152 MP: 23/23
 31566 | Snake:2  | Got the Anthology of Breccia
 31913 | Snake:3  | Found a frozen archway.
 31922 | IceCv    | Entered an ice cave
 31940 | IceCv    | Slain by a seven-headed hydra simulacrum

Illustrated notes

Levels and vault maps discovered:
D:1:      nicolae_arrival_washed_ashore, layout_rooms, minmay_misc_feat_iff,
          minmay_misc_feat_hallway, serial_bayou_pond_d
D:2:      layout_basic, serial_shops, nicolae_shop_window_shopping, basic_altar,
          minmay_goblin_kobold_house, uniq_terence
D:3:      layout_basic, kennysheep_vampire_church, tgw_fedhas
D:4:      layout_loops_ring, cheibrodos_sewer_entry_bend, minmay_close_crescents
D:5:      layout_basic, minmay_temple_entry_wispy, serial_shops, shop,
          enter_ossuary_3, nicolae_shop_gadgets, uniq_eustachio, uniq_duvessa
D:6:      layout_basic, gammafunk_ghost_gnarly_gnolls
D:7:      layout_cave_pools, chequers_temple_overflow_minitemple,
          serial_column_ruins, column_ruins_pillar_3, column_ruins_pillar_12,
          column_ruins_pillar_2, column_ruins_pillar_3, column_ruins_pillar_11,
          column_ruins_pillar_1, column_ruins_pillar_2, column_ruins_pillar_2,
          column_ruins_pillar_3, column_ruins_pillar_5, column_ruins_pillar_6,
          column_ruins_pillar_1, column_ruins_pillar_8, column_ruins_pillar_10,
          lemuel_flame_loot_1, uniq_joseph
D:8:      layout_basic, eino_jars, uniq_prince_ribbit1
D:9:      layout_rooms, mainiacjoe_overflow_concentric_impassable,
          minmay_st_funbox, serial_bayou_lagoon_a,
          ebering_dispersal_statue_hall, minmay_fractal_squares_diagonal_5
D:10:     layout_basic, nemelex_diamond_rough_becter, erik_lair_island,
          zombieorc2_lemuel, serial_shops, shop, uniq_urug, uniq_erolcha
D:11:     layout_long_grid, uniq_josephine
D:12:     layout_loops_ring, ebering_ghost_inner_flame, serial_shops,
          nicolae_shop_advertising_works [nicolae_subvault_shop_adworks],
          minmay_mirror_moons_of_madness, uniq_nessos, uniq_snorg, uniq_kirke
D:13:     layout_rooms, serial_rivers, chequers_serial_rivers_large_a,
          chequers_serial_rivers_micro_c, chequers_serial_rivers_micro_b,
          chequers_serial_rivers_small_3, chequers_serial_rivers_large_b,
          dancing_weapons_uskayaw, uniq_frances
D:14:     layout_loops_ring, david_vaults_5, amcnicky_mini_pool_small
D:15:     grunt_enter_depths_snipers, layout_cave_pools, serial_shops,
          nicolae_shop_temple_entry_statues_fountains, minmay_misc_feat_rows,
          ploomutoo_gammafunk_ghost_potion_laboratory, uniq_azrael, uniq_rupert
Temple:   cyrus_circular_temple
Lair:1:   lemuel_slime, layout_hall_layers
Lair:2:   layout_roguey, nicolae_shoals_entry_flooding, beast_lair_carwin_11
Lair:3:   layout_regular_city, guppyfry_snake_entry_garden, uniq_sonja
Lair:4:   layout_cave_shapes
Lair:5:   minmay_lair_end_frog_pond, layout_misc_corridors, slime_entry_1,
          infiniplex_staircase_pool_2
Snake:1:  nicolae_snake_nest, layout_chambers, serial_shops, shop, shop, shop,
          shop
Snake:2:  layout_rooms, drop_trap, nicolae_snake_bzzzt
Snake:3:  layout_gridlike, portal_ice_cave_entry_pillars_1,
          nicolae_snake_gridmaze_zigzag, grunt_megastairs_2
Orc:1:    cheibrodos_orc_bank, layout_caves
Orc:2:    kennysheep_orc_mage_school, layout_caves, basic_altar, rock_pile
Elf:1:    eino_elf_arrival_shootout, layout_onion_city, gammafunk_ghost_arena,
          minivault_28, grunt_ministairs_8
IceCv:    ice_cave_statue_garden_transporter

Skill      XL: |  1  2  3  4  5  6  7  8  9 10 11 12 13 14 15 16 |
---------------+-------------------------------------------------+-----
Fighting       | 4 5 6 8 9 10 11 13 14 15 16 | 16.9
Long Blades    | 4 5 6 7 |  7.0
Dodging        | 1 2 3 4 6 7 8 9 10 11 12 14 | 14.7
Short Blades   | 1 3 4 5 |  5.8
Spellcasting   | 2 3 4 5 |  5.0
Staves         | 5 7 8 |  8.1
Fire Magic     | 5 |  5.8
Polearms       | 4 7 9 11 | 11.3
Shields        | 4 6 8 10 11 | 11.0
Stealth        | |  0.4

Action                     |  1- 3 |  4- 6 |  7- 9 | 10-12 | 13-15 | 16-18 || total
---------------------------+-------+-------+-------+-------+-------+-------++-------
  Melee: Falchion          |   100 |    17 |    89 |    33 |       |       ||   239
         Tailslap          |     4 |    44 |    69 |    91 |   262 |    25 ||   495
         Short sword       |       |   334 |   257 |       |       |       ||   591
         Punch             |       |     5 |     6 |       |       |       ||    11
         Quarterstaff      |       |       |       |   414 |       |       ||   414
         Trident           |       |       |       |   149 |  1442 |   133 ||  1724
         Pseudopods        |       |       |       |       |    37 |    30 ||    67
  Throw: Throwing net      |       |       |     1 |     2 |       |       ||     3
   Cast: Scorch            |       |     4 |    33 |    56 |    85 |     1 ||   179
         Blink             |       |       |       |       |     3 |       ||     3
         Wereblood         |       |       |       |       |     9 |     1 ||    10
 Invoke: Fiery Armour      |       |     2 |       |     2 |     4 |       ||     8
         Foxfire Swarm     |       |       |     1 |       |     2 |       ||     3
         Rising Flame      |       |       |       |       |     1 |       ||     1
         Slimify           |       |       |       |       |     1 |       ||     1
Ability: Breathe Steam     |       |       |    39 |    81 |    68 |     3 ||   191
  Evoke: Wand              |       |       |     1 |     2 |     3 |       ||     6
    Use: Scroll            |     5 |     5 |     7 |     4 |    11 |       ||    32
         Potion            |       |       |     1 |     4 |     4 |       ||     9
   Stab: Sleeping          |       |       |       |     1 |     1 |       ||     2
         Distracted        |       |       |       |       |     5 |       ||     5
 Armour: Skin              |    40 |   110 |   109 |   219 |   234 |    15 ||   727
  Dodge: Dodged            |    72 |   202 |   227 |   409 |   889 |    82 ||  1881
  Block: Buckler           |       |       |       |    47 |   281 |       ||   328
         Kite shield       |       |       |       |       |   324 |   105 ||   429

Table legend: (Time is in decaauts)
 A = Elapsed time spent in this place.
 B = Non-inter-level travel time spent in this place.
 C = Inter-level travel time spent in this place.
 D = Time resting spent in this place.
 E = Time spent auto-exploring this place.
 F = Levels seen in this place.
 G = Mean time per level.
                   A        B        C        D        E       F      G
               +--------+--------+--------+--------+--------+-----+--------+
         Total |  31718 |  30617 |   1101 |   7953 |  12590 |  29 | 1093.7 |
       Dungeon |  17332 |  16653 |    679 |   3675 |   7052 |  15 | 1155.5 |
        Temple |     61 |     61 |      0 |      0 |     38 |   1 |   61.0 |
          Lair |   8773 |   8487 |    286 |   3311 |   3010 |   5 | 1754.6 |
     Snake Pit |   2168 |   2119 |     49 |      6 |   1307 |   3 |  722.7 |
  Orcish Mines |   2897 |   2812 |     85 |    937 |   1049 |   2 | 1448.5 |
   Elven Halls |      5 |      5 |      0 |      0 |      0 |   1 |    5.0 |
       Ossuary |    464 |    464 |      0 |     24 |    133 |   1 |  464.0 |
      Ice Cave |     14 |     14 |      0 |      0 |      0 |   1 |   14.0 |
               +--------+--------+--------+--------+--------+-----+--------+

Top non-repeatable levels by time:
    D:10: 2966 daAuts
  Lair:3: 2278 daAuts
     D:6: 1929 daAuts
  Lair:4: 1902 daAuts
     D:8: 1720 daAuts
  Lair:5: 1642 daAuts
   Orc:2: 1597 daAuts
  Lair:1: 1478 daAuts
  Lair:2: 1470 daAuts
     D:9: 1352 daAuts
   Orc:1: 1299 daAuts
 Snake:1: 1288 daAuts
     D:7: 1188 daAuts
     D:2: 1122 daAuts
    D:12: 1061 daAuts
